 Dungeon Crawl Stone Soup version 0.31-a0-1-g4198be8af4 (webtiles) character file.

Game seed: 6404923111761143451

1945 scionoferis the Basher (level 9, -2/81 HPs)
             Began as a Ghoul Berserker on May 1, 2023.
             Was a Priest of Trog.
             Killed from afar by a steam dragon (20 damage)
             ... with a ball of steam
             ... on level 6 of the Dungeon.
             The game lasted 00:17:54 (4660 turns).

scionoferis the Basher (Ghoul Berserker)            Turns: 4660, Time: 00:17:55

Health: -2/81      AC:  9    Str: 20    XL:     9   Next: 18%
Magic:  8/8        EV: 11    Int:  5    God:    Trog [***...]
Gold:   218        SH:  0    Dex: 10    Spells: 8/8 levels left

rFire   . . .        a - +1 whip (elec)
rCold   + . .        (no shield)
rNeg    + + +        C - +2 ring mail {rN+}
rPois   ∞            (no helmet)
rElec   .            p - +0 cloak
rCorr   .            (no gloves)
SInv    .            r - +0 pair of boots
Will    .....        s - amulet of regeneration Stlth
                     (no ring)
HPRegen 1.13/turn    (no ring)
MPRegen 0.11/turn

%: no passive effects
@: no status effects
A: claws 1, cold resistance 1, negative energy resistance 3, inhibited
regeneration, torment resistance 2, devour on kill
a: Renounce Religion, Trog's Hand


You were on level 6 of the Dungeon.
You worshipped Trog.
Trog was most pleased with you.
You visited 1 branch of the dungeon, and saw 6 of its levels.
You also visited: Ossuary.

You collected 218 gold pieces.


Innate Abilities, Weirdness & Mutations

You are immune to poison.
You have sharp fingernails.
Your flesh is cold resistant. (rC+)
You are immune to negative energy. (rN+++)
You do not regenerate when monsters are visible.
You are immune to unholy pain and torment.
You thrive by killing the living.


   Skills:
 + Level 8.1 Fighting
 * Level 9.2 Maces & Flails
 - Level 1.7 Armour
 - Level 1.7 Dodging


You had 8 spell levels left.
You didn't know any spells.
Your spell library was empty.

Inventory:

Hand Weapons
 a - a +1 whip of electrocution (weapon)
   (You took it off Pikel on level 4 of the Dungeon)
 b - the +7 mace of the Two Names {heavy, Int+3}
   (You found it on level 2 of the Dungeon)

   Int:       It affects your intelligence (+3).
 m - a +0 battleaxe of electrocution
   (You found it on level 3 of the Dungeon)
 q - a +1 hammer of protection
   (You found it on level 3 of the Dungeon)
Missiles
 d - 15 poisoned darts (quivered)
 h - a throwing net
 z - 3 boomerangs
Armour
 p - a +0 cloak (worn)
   (You took it off Crazy Yiuf on level 3 of the Dungeon)
 r - a +0 pair of boots (worn)
   (You found it on level 5 of the Dungeon)
 C - a +2 ring mail of positive energy (worn)
   (You found it on level 4 of the Dungeon)
Jewellery
 s - an amulet of regeneration (around neck)
   (You found it on level 4 of the Dungeon)
Wands
 n - a wand of polymorph (8)
   (You took it off a goblin on level 3 of the Dungeon)
 A - a wand of mindburst (11)
   (You took it off Ijyb on level 4 of the Dungeon)
 F - a wand of flame (15)
   (You found it on level 5 of the Dungeon)
Scrolls
 c - 4 scrolls of teleportation
 e - a scroll of torment
 f - a scroll of magic mapping
 g - a scroll of enchant weapon
 i - a scroll of poison
 l - a scroll of vulnerability
 o - a scroll of fear
 t - 4 scrolls of noise
 y - a scroll of brand weapon
 G - a scroll of fog {unknown}
Potions
 j - 3 potions of lignification {unknown}
 k - 4 potions of heal wounds {unknown}
 u - 2 potions of mutation {unknown}
 v - a potion of attraction {unknown}
 w - a potion of resistance {unknown}
 x - a potion of flight {unknown}
 B - a potion of berserk rage {unknown}
 D - a potion of ambrosia {unknown}
 E - 2 potions of haste {unknown}

Dungeon Overview and Level Annotations

Branches:
Dungeon (6/15)             Temple (0/1) D:5         Ossuary (visited)

Altars:
Cheibriados
Fedhas
Gozag
Qazlal
Sif Muna
Uskayaw
Vehumet
Wu Jian
Yredelemnul

Shops:
D:6

* ##.#.### #..#
#.#.# #..# ##.#.#
#..# .....### #..#
##.....# #..#
###.#.###########..#
#.#....).....<...#
#.#############.##
#.# #.§D.§§@..# #.#
#§#########
####.#####.#
§O.§#O.§§D.#
####.####### #.# ..#
####


There were no monsters in sight!


Message History

Pikel is heavily wounded.
Pikel hits you but does no damage.
You are electrocuted!
Pikel hits you but does no damage.
You closely miss Pikel.
Pikel is heavily wounded.
Pikel hits you with a +1 whip of electrocution. x2
You are electrocuted!
* * * LOW HITPOINT WARNING * * *
You bludgeon Pikel!!
You kill Pikel!
Trog accepts your kill.
With Pikel's spell broken, his former minions thank you for their freedom.
The lemure departs this earthly plane. x3
Your Fighting skill increases to level 6!
Your Maces & Flails skill gained 2 levels and is now at level 7!
You have reached level 8!
You start resting.
HP restored.
Things that are here:
a +1 whip of electrocution; a +0 robe
B - a +1 whip of electrocution Adjust to which letter? (? for menu, Esc to quit)
a - a +1 whip of electrocution
B - the +7 mace of the Two Names (weapon)
{heavy, Int+3} Adjust to which letter? (? for menu, Esc to quit)
b - the +7 mace of the Two Names (weapon)
{heavy, Int+3}
B - a coppery potion You hear the crackle of electricity.
a - a +1 whip of electrocution (weapon)
Items here: ( )))).
Found a stone staircase leading down.
You see here a +2 ring mail of positive energy.
C - a +2 ring mail of positive energy A hobgoblin comes into view.
The hobgoblin shouts!
You barely miss the hobgoblin. You claw the hobgoblin.
You kill the hobgoblin!
Trog accepts your kill.
There is an escape hatch in the ceiling here.
There is a stone staircase leading up here.
You climb upwards.
There is a stone staircase leading down here.
You start removing your armour.
You continue taking off your +0 plate armour. x4
You finish taking off your +0 plate armour.
You start putting on your armour.
You continue putting on your +2 ring mail of positive energy. x5
You finish putting on your +2 ring mail of positive energy.
You feel more protected from negative energy.
You drop a +0 plate armour.
There is a stone staircase leading down here.
You climb downwards.
There is a stone staircase leading up here.
There is an escape hatch in the ceiling here.
An endoplasm comes into view.
The endoplasm quivers.
No target in view!
You hit the endoplasm.
Lightning courses through the endoplasm!
You kill the endoplasm!
Trog accepts your kill.
Found a white marble altar of Elyvilon.
Found a stone staircase leading up.
h - a throwing net
Found a hand axe.
A ball python comes into view.
The ball python hisses angrily.
You hit the ball python.
You kill the ball python!
Trog accepts your kill.
You see here a ball python corpse.
You see here a ball python corpse.
Really walk into that teleport trap?
You enter a teleport trap!
The teleport trap disappears.
Your surroundings suddenly seem different.
Items here: )))) [[.
You see here a +0 quarterstaff.
Found a ring mail.
Done exploring.
Done exploring.
Done exploring.
Search for what [Enter for "oss", or ? for help]? d: Search for what [Enter for "d:", or ? for help]? throw Unknown command.
Search for what [Enter for "throw", or ? for help]? armour Unknown command.
You see here a +0 ring mail.
You see here a +0 quarterstaff.
Items here: )))) [[.
You see here a +0 short sword.
There is a stone staircase leading down here.
Unknown command.
You climb downwards.
Found 21 gold pieces and 2 stones.
There is a stone staircase leading up here.
As you read the scroll labelled LAUJO MUGH, it crumbles to dust.
It is a scroll of identify.
e - a scroll of torment
As you read the scroll of identify, it crumbles to dust.
f - a scroll of magic mapping
As you read the scroll of identify, it crumbles to dust.
i - a scroll of poison
As you read the scroll of identify, it crumbles to dust.
l - a scroll of vulnerability
As you read the scroll of identify, it crumbles to dust.
o - a scroll of fear
As you read the scroll of identify, it crumbles to dust.
r - a scroll of amnesia You now have 110 gold pieces (gained 21).
An iguana comes into view.
You drop a scroll of amnesia.
You hit the iguana but do no damage. You barely miss the iguana.
The iguana completely misses you.
You completely miss the iguana. The iguana closely misses you.
You hit the iguana.
The iguana is lightly wounded.
The iguana bites you but does no damage.
You hit the iguana. Lightning courses through the iguana!!
You kill the iguana!
Trog accepts your kill.
No target in view!
Unknown command.
An orc comes into view. It is wielding a +0 club.
The orc shouts!
You hear a shout!
Found a blossoming altar of Fedhas.
You see here a scroll labelled DUADASHA KILEMP.
g - a scroll labelled DUADASHA KILEMP An orc wizard comes into view.
It is wielding a +0 dagger.
You closely miss the orc. The orc barely misses you.
Press: ? - help, v - describe, . - travel
Here: an orc wizard, wielding a +0 dagger and wearing a +0 robe The floor.
Your skin crawls.
You feel strong-willed.
The orc wizard mumbles some strange words.
The orc wizard flickers and vanishes!
Deactivating autopickup; reactivate with Ctrl-A.
You hear a shout!
An orc comes into view. It is wielding a +0 hand axe.
The orc shouts!
The orc barely misses you.
You closely miss the orc. The orc hits you but does no damage.
An orc comes into view. It is wielding a +0 falchion.
You closely miss the orc. The orc hits you but does no damage.
You closely miss the orc. You hit the orc. Lightning courses through the orc!
You kill the orc!
Trog accepts your kill.
You hear some strange, mumbled words.
A puff of flame appears from out of thin air!
The puff of flame hits you!
You feel the effects of Trog's Hand fading.
A puff of flame appears from out of thin air!
The puff of flame hits you.
You see here a scroll of amnesia.
You hit something. Something hits you.
You closely miss something. You hit something but do no damage.
Lightning courses through something! Something hits you but does no damage.
You whack something! Trog accepts your kill.
Trog appreciates your killing of a magic user.
You feel better.
Reactivating autopickup.
You feel a bit more experienced.
Your skin stops crawling.
You feel less strong-willed.
You hit the orc.
The orc is severely wounded.
The orc barely misses you.
You barely miss the orc.
The orc is severely wounded.
You closely miss the orc.
The orc is severely wounded.
The orc hits you but does no damage.
You closely miss the orc.
The orc is severely wounded.
The orc closely misses you.
You whack the orc!
You kill the orc!
Trog accepts your kill. The orc barely misses you.
Items here: )) [ †.
You hit the orc.
The orc is moderately wounded.
The orc barely misses you.
You whack the orc!
You kill the orc!
Trog accepts your kill.
Things that are here:
a +0 hand axe; an orc corpse
Items here: )) [ †.
Things that are here:
a +0 hand axe; an orc corpse You now have 130 gold pieces (gained 20).
You enter the shallow water.
Moving in this stuff is going to be slow.
You enter the shallow water.
Moving in this stuff is going to be slow.
Found a flail.
Found a snail-covered altar of Cheibriados.
Found a radiant altar of Vehumet.
Found an ornate altar of the Wu Jian Council and a stormy altar of Qazlal.
You see here a +0 sling of flaming.
Really walk onto that alarm trap?
Okay, then.
You see here a +0 sling of flaming.
You enter the shallow water.
Moving in this stuff is going to be slow.
Found a scale mail.
Found a falchion.
You see here a +0 scale mail.
Found a stone staircase leading up.
There is a stone staircase leading up here.
Found a staircase to the Ecumenical Temple.
Found a pair of boots.
A scorpion comes into view.
You hit the scorpion. Lightning courses through the scorpion!
You kill the scorpion!
Trog accepts your kill.
Found a dagger.
You see here a +0 pair of boots.
r - a +0 pair of boots You start putting on your armour.
You continue putting on your +0 pair of boots. x4
You finish putting on your +0 pair of boots.
Found a robe.
D - a glowing puce potion A jelly comes into view.
Found 6 gold pieces.
The jelly hits you.
You are splashed with acid!
You hit the jelly.
Your claws burn!
The jelly is moderately wounded.
The jelly hits you but does no damage.
You hit the jelly.
Your claws burn!
The jelly is heavily wounded.
The jelly hits you.
You are splashed with acid.
You hit the jelly. The acid corrodes you!
Your claws burn!
The jelly is heavily wounded.
You hit the jelly.
Your claws burn!
The jelly is almost dead.
The jelly hits you but does no damage.
You hit the jelly. Lightning courses through the jelly!
You kill the jelly!
Trog accepts your kill.
You feel better.
You start resting.
You are no longer corroded.
HP restored.
You now have 136 gold pieces (gained 6).
Prince Ribbit comes into view.
Prince Ribbit croaks.
Prince Ribbit croaks regally.
Throw: 18 darts (poison)
Press: ? - help, Q - select action, (/) - cycle Shift-Dir - straight line, f - Prince Ribbit
Aim: Prince Ribbit (36% to hit)
You throw a poisoned dart. The poisoned dart misses Prince Ribbit.
Prince Ribbit hits you!
Unknown command.
You closely miss Prince Ribbit.
Prince Ribbit hits you but does no damage.
You hit Prince Ribbit.
Prince Ribbit is lightly wounded.
Prince Ribbit closely misses you.
You closely miss Prince Ribbit.
Prince Ribbit is lightly wounded.
You miss Prince Ribbit.
Prince Ribbit is lightly wounded.
Prince Ribbit misses you.
Prince Ribbit hits you but does no damage.
You hit Prince Ribbit.
Prince Ribbit is lightly wounded.
Prince Ribbit barely misses you.
You miss Prince Ribbit.
Prince Ribbit is lightly wounded.
Prince Ribbit blinks!
Throw: 17 darts (poison)
Press: ? - help, Q - select action, (/) - cycle Shift-Dir - straight line, f/p - Prince Ribbit
Aim: Prince Ribbit (lightly wounded, 36% to hit)
You throw a poisoned dart. The poisoned dart hits Prince Ribbit.
Prince Ribbit is poisoned.
Prince Ribbit is lightly wounded.
Prince Ribbit blinks!
You start resting.
Prince Ribbit is nearby!
Throw: 16 darts (poison)
Press: ? - help, Q - select action, (/) - cycle Shift-Dir - straight line, f/p - Prince Ribbit
Aim: Prince Ribbit (moderately wounded, poisoned, 36% to hit)
You throw a poisoned dart. The poisoned dart hits Prince Ribbit.
Prince Ribbit looks even sicker.
Prince Ribbit is moderately wounded.
Throw: 15 darts (poison)
Press: ? - help, Q - select action, (/) - cycle Shift-Dir - straight line, f/p - Prince Ribbit
Aim: Prince Ribbit (moderately wounded, very poisoned, 36% to hit)
You throw a poisoned dart. The poisoned dart hits Prince Ribbit.
Prince Ribbit looks even sicker.
Prince Ribbit is moderately wounded.
Prince Ribbit blinks!
Throw: 14 darts (poison)
Press: ? - help, Q - select action, (/) - cycle Shift-Dir - straight line, f/p - Prince Ribbit
Aim: Prince Ribbit (moderately wounded, very poisoned, 36% to hit)
You throw a poisoned dart.
The poisoned dart closely misses Prince Ribbit.
Unknown command.
You closely miss Prince Ribbit.
Prince Ribbit is moderately wounded.
Prince Ribbit hits you.
You miss Prince Ribbit.
Prince Ribbit is heavily wounded.
Prince Ribbit lets out a mournful croak.
Prince Ribbit hits you but does no damage.
You whack Prince Ribbit!
Lightning courses through Prince Ribbit!
Prince Ribbit is almost dead.
Prince Ribbit hits you!
You miss Prince Ribbit.
Prince Ribbit is almost dead.
Prince Ribbit blinks!
Throw: 13 darts (poison)
Press: ? - help, Q - select action, (/) - cycle Shift-Dir - straight line, f/p - Prince Ribbit
Aim: Prince Ribbit (almost dead, very poisoned, 36% to hit)
You throw a poisoned dart.
The poisoned dart closely misses Prince Ribbit.
Prince Ribbit blinks!
You start resting.
Prince Ribbit is nearby!
Throw: 12 darts (poison)
Press: ? - help, Q - select action, (/) - cycle Shift-Dir - straight line, f/p - Prince Ribbit
Aim: Prince Ribbit (almost dead, very poisoned, 36% to hit)
You throw a poisoned dart. The poisoned dart hits Prince Ribbit.
Prince Ribbit looks even sicker.
Prince Ribbit is almost dead.
You kill Prince Ribbit!
Trog accepts your kill.
Your Fighting skill increases to level 7!
Your Maces & Flails skill increases to level 8!
HP restored.
d - 12 poisoned darts (gained 1)
d - 13 poisoned darts (gained 1)
d - 14 poisoned darts (gained 1)
d - 17 poisoned darts (gained 3)
Found an escape hatch in the floor.
An orc comes into view. It is wielding a +0 whip.
The orc shouts!
The orc moves out of view.
An orc comes into view. It is wielding a +0 club.
The orc shouts!
You hear a shout! x2
An orc comes into view. It is wielding a +0 club.
An orc comes into view. It is wielding a +0 falchion.
The orc shouts!
You hit the orc.
The orc is moderately wounded.
You whack the orc!
You kill the orc!
Trog accepts your kill.
You whack the orc!
You kill the orc!
Trog accepts your kill. The orc barely misses you.
Things that are here:
a +0 falchion; a +0 club; an orc corpse You hit the orc.
The orc is moderately wounded.
The orc hits you with a +0 whip.
You hit the orc.
The orc is heavily wounded.
You hit the orc.
You kill the orc!
Trog accepts your kill.
You barely miss the orc. The orc closely misses you.
You hit the orc.
The orc is moderately wounded.
You hit the orc but do no damage.
The orc is moderately wounded.
The orc hits you but does no damage.
You hit the orc but do no damage. Lightning courses through the orc!
You kill the orc!
Trog accepts your kill.
You feel better.
Items here: )) [[.
Things that are here:
a +0 falchion; a +0 club; an orc corpse
Items here: )) [[.
Found a short sword.
An adder comes into view.
Found a scroll of identify.
The adder hisses angrily.
You see here a +0 short sword.
A jelly comes into view.
The jelly quivers.
You whack the adder!
The adder is severely wounded.
The adder misses you.
You miss the adder.
The adder is severely wounded.
The adder bites you but does no damage.
You hit the adder.
You kill the adder!
Trog accepts your kill.
You hit the jelly. Lightning courses through the jelly!
You kill the jelly!
Trog accepts your kill.
No target in view!
E - a scroll of identify You now have 151 gold pieces (gained 15).
Found Great Wizards, Vol.
VII.
As you read the scroll of identify, it crumbles to dust.
g - a scroll of enchant weapon You see here Great Wizards, Vol.
VII.
E - 2 lumpy dark potions
Found a flail.
Found a scale mail.
F - a scroll of identify
As you read the scroll of identify, it crumbles to dust.
y - a scroll of brand weapon You now have 169 gold pieces (gained 18).
Found a war axe.
An orc comes into view. It is wielding a +0 club.
The orc shouts!
You hear a shout!
An orc wizard comes into view. It is wielding a +0 dagger.
The orc wizard shouts!
An orc comes into view. It is wielding a +0 hand axe.
The orc moves out of view.
You whack the orc! Lightning courses through the orc!
You kill the orc!
Trog accepts your kill.
Your skin crawls.
You feel strong-willed.
You see here a +0 club.
You closely miss the orc wizard.
The orc wizard hits you but does no damage.
A bullfrog zombie comes into view.
You barely miss the orc wizard.
The orc wizard hits you with a +0 dagger.
You hit the orc wizard but do no damage.
Lightning courses through the orc wizard!
You kill the orc wizard!
Trog accepts your kill.
Trog appreciates your killing of a magic user.
You feel better. The bullfrog zombie closely misses you.
Things that are here:
a +0 dagger; a +0 robe; an orc corpse You barely miss the bullfrog zombie.
You hit the bullfrog zombie.
The bullfrog zombie is lightly damaged.
The bullfrog zombie hits you but does no damage.
An orc comes into view. It is wielding a +0 club.
You whack the bullfrog zombie!
The bullfrog zombie is moderately damaged.
The bullfrog zombie misses you.
You whack the bullfrog zombie!
The bullfrog zombie is heavily damaged.
The bullfrog zombie hits you but does no damage.
A scorpion zombie comes into view.
You whack the bullfrog zombie!
The bullfrog zombie is severely damaged.
The bullfrog zombie hits you.
You barely miss the bullfrog zombie.
The bullfrog zombie is severely damaged.
The bullfrog zombie hits you but does no damage.
You hit the bullfrog zombie.
The bullfrog zombie is almost destroyed.
The bullfrog zombie closely misses you.
You whack the bullfrog zombie!
Lightning courses through the bullfrog zombie!
You destroy the bullfrog zombie!
Trog accepts your kill.
You hit the scorpion zombie.
The scorpion zombie is lightly damaged.
You hit the scorpion zombie.
The scorpion zombie is moderately damaged.
The scorpion zombie hits you but does no damage.
You completely miss the scorpion zombie.
The scorpion zombie is moderately damaged.
The scorpion zombie hits you but does no damage.
You hit the scorpion zombie.
Lightning courses through the scorpion zombie!!
The scorpion zombie is severely damaged.
The scorpion zombie hits you but does no damage.
You hit the scorpion zombie.
The scorpion zombie is severely damaged.
You hit the scorpion zombie but do no damage.
The scorpion zombie is severely damaged.
The scorpion zombie misses you.
You hit the scorpion zombie.
The scorpion zombie is almost destroyed.
The scorpion zombie closely misses you.
You barely miss the scorpion zombie.
The scorpion zombie is almost destroyed.
You hit the scorpion zombie but do no damage.
The scorpion zombie is almost destroyed.
The scorpion zombie misses you.
You hit the scorpion zombie.
The scorpion zombie is almost destroyed.
The scorpion zombie hits you.
You hit the scorpion zombie.
You destroy the scorpion zombie!
Trog accepts your kill.
Found an escape hatch in the ceiling.
The orc closely misses you.
You hit the orc.
The orc is moderately wounded.
The orc barely misses you.
You whack the orc!
You kill the orc!
Trog accepts your kill.
You feel the effects of Trog's Hand fading.
A centaur zombie comes into view.
Found a stone staircase leading down.
Things that are here:
a +0 club; an orc corpse A scorpion zombie comes into view.
Found a basalt altar of Yredelemnul.
The centaur zombie hits you but does no damage.
The centaur zombie kicks you but does no damage.
Things that are here:
a +0 club; an orc corpse You whack the centaur zombie!
The centaur zombie is lightly damaged.
Your skin stops crawling.
You feel less strong-willed.
The centaur zombie hits you but does no damage.
The centaur zombie closely misses you.
You hit the centaur zombie.
The centaur zombie is moderately damaged.
The centaur zombie hits you.
The centaur zombie kicks you but does no damage.
You hit the centaur zombie but do no damage.
The centaur zombie is moderately damaged.
You hit the centaur zombie. You claw the centaur zombie.
The centaur zombie is moderately damaged.
The centaur zombie hits you. The centaur zombie barely misses you.
You hit the centaur zombie.
The centaur zombie is heavily damaged.
The centaur zombie hits you but does no damage.
The centaur zombie kicks you but does no damage.
You hit the centaur zombie.
The centaur zombie is heavily damaged.
The centaur zombie hits you but does no damage.
The centaur zombie barely misses you.
You hit the centaur zombie.
The centaur zombie is heavily damaged.
The centaur zombie closely misses you.
The centaur zombie kicks you but does no damage.
You hit the centaur zombie.
Lightning courses through the centaur zombie!
The centaur zombie is severely damaged.
The centaur zombie hits you but does no damage.
The centaur zombie barely misses you.
You hit the centaur zombie but do no damage.
The centaur zombie is severely damaged.
The centaur zombie completely misses you.
The centaur zombie kicks you but does no damage.
You hit the centaur zombie.
The centaur zombie is almost destroyed.
You hit the centaur zombie.
You destroy the centaur zombie!
Trog accepts your kill.
You barely miss the scorpion zombie.
The scorpion zombie hits you but does no damage.
You hit the scorpion zombie.
The scorpion zombie is lightly damaged.
You hit the scorpion zombie.
The scorpion zombie is moderately damaged.
The scorpion zombie closely misses you.
You whack the scorpion zombie!
Lightning courses through the scorpion zombie!
The scorpion zombie is almost destroyed.
The scorpion zombie misses you.
You hit the scorpion zombie.
The scorpion zombie is almost destroyed.
You hit the scorpion zombie but do no damage.
The scorpion zombie is almost destroyed.
The scorpion zombie hits you.
You hit the scorpion zombie.
The scorpion zombie is almost destroyed.
The scorpion zombie hits you but does no damage.
You hit the scorpion zombie.
You destroy the scorpion zombie!
Trog accepts your kill.
Things that are here:
a +0 club; an orc corpse
Things that are here:
a +0 dagger; a +0 robe; an orc corpse You see here a +0 club.
You see here a +0 club.
Things that are here:
a +0 dagger; a +0 robe; an orc corpse You now have 177 gold pieces (gained 8).
The orc shouts!
An ice beast comes into view.
You hit the orc.
The orc is almost dead.
The orc hits you but does no damage.
You hit the orc.
You kill the orc!
Trog accepts your kill.
You hit the ice beast.
Lightning courses through the ice beast!
The ice beast is severely wounded.
The ice beast hits you. The ice beast freezes you. You resist.
You hit the ice beast but do no damage.
The ice beast is severely wounded.
You barely miss the ice beast.
The ice beast is severely wounded.
The ice beast hits you. The ice beast freezes you. You resist.
You hit the ice beast but do no damage.
The ice beast is severely wounded.
The ice beast hits you. The ice beast freezes you. You resist.
You hit the ice beast but do no damage.
Lightning courses through the ice beast!!
You kill the ice beast!
Trog accepts your kill.
Things that are here:
a +0 hand axe; an orc corpse A hound zombie comes into view.
You hit the hound zombie.
The hound zombie is lightly damaged.
The hound zombie bites you.
You hit the hound zombie.
Lightning courses through the hound zombie!
The hound zombie is heavily damaged.
The hound zombie misses you.
You barely miss the hound zombie.
The hound zombie is heavily damaged.
The hound zombie closely misses you.
You barely miss the hound zombie.
The hound zombie is heavily damaged.
The hound zombie bites you but does no damage.
You hit the hound zombie.
The hound zombie is heavily damaged.
The hound zombie bites you but does no damage.
You closely miss the hound zombie.
The hound zombie is heavily damaged.
You barely miss the hound zombie.
The hound zombie is heavily damaged.
The hound zombie bites you but does no damage.
You barely miss the hound zombie.
The hound zombie is heavily damaged.
The hound zombie bites you but does no damage.
You whack the hound zombie!
The hound zombie is severely damaged.
The hound zombie barely misses you.
You hit the hound zombie.
The hound zombie is almost destroyed.
The hound zombie barely misses you.
You hit the hound zombie.
Lightning courses through the hound zombie!!
You destroy the hound zombie!
Trog accepts your kill.
No target in view!
Found a stone staircase leading up.
There is a stone staircase leading up here.
F - a wand of flame (15)
G - a scroll of identify You now have 190 gold pieces (gained 13).
Things that are here:
a +0 club; an orc corpse
Things that are here:
a +0 dagger; a +0 robe; an orc corpse You see here a +0 club.
Found a stone staircase leading down.
As you read the scroll of identify, it crumbles to dust.
c - 3 scrolls of teleportation
There is a stone staircase leading down here.
There is a stone staircase leading down here.
Found 7 stones.
Found a stone staircase leading down.
c - 4 scrolls of teleportation (gained 1)
You see here a +0 scale mail.
You see here a +0 hand axe.
Things that are here:
a +0 falchion; a +0 dagger; a +0 robe You see here a scroll of amnesia.
Done exploring.
Done exploring.
Search for what [Enter for "armour", or ? for help]? d: Unknown command.
You see here a scroll of amnesia.
Things that are here:
a +0 falchion; a +0 dagger; a +0 robe You see here a +0 hand axe.
You see here a +0 club.
You see here a +0 scale mail.
There is a stone staircase leading down here.
Unknown command.
You climb downwards.
Found a stone staircase leading down.
There is a stone staircase leading up here.
Found Iheifupoi's General Store.
There is an entrance to Iheifupoi's General Store here.
Found a stone staircase leading down.
You now have 199 gold pieces (gained 9).
A hound comes into view.
The hound barks!
You hear a shout!
An orc warrior comes into view. It is wielding a +0 long sword.
You see here a staff of poison.
The hound attacks as you move away! The hound bites you.
The hound bites you but does no damage. The hound attacks as you move away!
The hound bites you but does no damage.
You hit the hound.
The hound is moderately wounded.
The hound bites you.
You barely miss the hound.
The hound is moderately wounded.
The hound bites you but does no damage.
You closely miss the hound.
The hound is moderately wounded.
The orc warrior shouts!
The hound bites you but does no damage.
You barely miss the hound.
The hound is moderately wounded.
The hound bites you.
You hit the hound but do no damage.
The hound is moderately wounded.
The hound stops to sniff the ground.
The hound bites you but does no damage.
An orc comes into view. It is wielding a +0 flail.
Your skin crawls.
You feel strong-willed.
The orc shouts!
You hear an angry hiss.
You hear a shout!
The hound barely misses you.
An adder comes into view.
You closely miss the hound.
The hound is moderately wounded.
The hound bites you.
You closely miss the hound.
The hound is moderately wounded.
The hound bites you but does no damage. The hound barely misses you.
You hit the hound.
The hound is heavily wounded.
An orc comes into view. It is wielding a +0 club.
You hit the hound.
The hound is heavily wounded.
The hound closely misses you.
You closely miss the hound.
The hound is heavily wounded.
The hound bites you but does no damage. The hound bites you.
You closely miss the hound.
The hound is heavily wounded.
An orc priest comes into view. It is wielding a +0 hand axe.
The hound misses you.
You barely miss the hound.
The hound is heavily wounded.
The orc priest shouts!
The hound bites you. The hound attacks as you move away!
The hound closely misses you.
The orc priest looks satisfied for a moment.
The hound bites you but does no damage. The hound bites you but does no damage.
The hound bites you. The hound bites you but does no damage.
You barely miss the hound.
The hound is heavily wounded.
The hound completely misses you.
You barely miss the hound.
The hound is heavily wounded.
The hound closely misses you.
You hit the hound. Lightning courses through the hound!
You kill the hound!
Trog accepts your kill.
You closely miss the orc warrior. You hit the orc warrior.
The orc warrior is lightly wounded.
The orc warrior hits you with a +0 long sword!
You hit the orc warrior but do no damage.
The orc warrior is lightly wounded.
You feel the effects of Trog's Hand fading.
The orc warrior hits you but does no damage.
You hit the orc warrior.
Lightning courses through the orc warrior!
The orc warrior is severely wounded.
You completely miss the orc warrior.
The orc warrior is severely wounded.
The orc warrior hits you with a +0 long sword.
You hit the orc warrior.
The orc warrior is almost dead.
You hit the orc warrior.
The orc warrior is almost dead.
The orc warrior hits you with a +0 long sword.
You hit the orc warrior but do no damage.
The orc warrior is almost dead.
You hit the orc warrior but do no damage.
Lightning courses through the orc warrior!
You kill the orc warrior!
Trog accepts your kill.
The orc priest calls down the wrath of Beogh upon you.
Beogh smites you!
You have reached level 9!
Your experience leads to an increase in your attributes!
Increase (S)trength, (I)ntelligence, or (D)exterity?
You feel clever. x2
You miss the adder. The adder bites you but does no damage.
You miss the adder. The adder completely misses you.
You miss the adder.
Your skin stops crawling.
You feel less strong-willed. The adder closely misses you.
You whack the adder!
The adder is almost dead.
You closely miss the adder.
The adder is almost dead.
The adder bites you but does no damage.
You hit the adder. Lightning courses through the adder!
You kill the adder!
Trog accepts your kill.
You feel better.
You whack the orc priest!
The orc priest is heavily wounded.
The orc priest barely misses you.
You barely miss the orc priest.
The orc priest is heavily wounded.
You barely miss the orc priest. Your claw misses the orc priest.
The orc priest is heavily wounded.
The orc priest closely misses you.
You hit the orc priest.
Lightning courses through the orc priest!
You kill the orc priest!
Trog accepts your kill.
You hit the orc but do no damage. You hit the orc.
The orc is moderately wounded.
The orc closely misses you.
You closely miss the orc.
The orc is moderately wounded.
You hit the orc but do no damage.
The orc is moderately wounded.
The orc hits you with a +0 club.
You hit the orc.
You kill the orc!
Trog accepts your kill.
You feel better.
You hit the orc but do no damage. You hit the orc.
The orc is lightly wounded.
The orc hits you with a +0 flail.
You hit the orc but do no damage. Lightning courses through the orc!!
You kill the orc!
Trog accepts your kill.
You feel better.
Items here: )))) [[[ †††.
Okay, then.
You start resting.
HP restored.
Found a stone staircase leading up.
Menkaure, Prince of Dust comes into view.
Menkaure shouts!
Menkaure casts a spell.
Menkaure seems to speed up.
Press: ? - help, v - describe, . - travel
Here: Menkaure (fast)
The floor.
You hear a distant slurping noise.
You hit Menkaure.
Menkaure is moderately damaged.
You hit Menkaure.
Menkaure is heavily damaged.
Menkaure hits you!!
You hit Menkaure but do no damage.
Menkaure is heavily damaged.
Menkaure closely misses you.
You hit Menkaure.
Menkaure is heavily damaged.
Menkaure grins.
Menkaure closely misses you.
You hit Menkaure but do no damage. Lightning courses through Menkaure!!
You destroy Menkaure!
Trog accepts your kill.
Trog appreciates your killing of a magic user.
You can now call in reinforcements.
Your Fighting skill increases to level 8!
Your Maces & Flails skill increases to level 9!
You hear a distant slurping noise.
You hear a distant slurping noise.
You now have 218 gold pieces (gained 19).
Found a falchion.
G - a scroll labelled XELUORCH DOCS You can no longer call in reinforcements.
Found a stone staircase leading up.
You see here a +0 falchion.
There is a stone staircase leading up here.
An adder comes into view.
A black bear comes into view.
You barely miss the adder.
The black bear growls angrily.
You hear a shout!
You hear an angry hiss.
You whack the adder!
The adder is severely wounded.
The adder bites you but does no damage.
You barely miss the adder.
The adder is severely wounded.
The adder bites you but does no damage.
You barely miss the adder.
The adder is severely wounded.
The adder bites you but does no damage.
You whack the adder!
You kill the adder!
Trog accepts your kill.
Throw: 17 darts (poison)
Press: ? - help, Q - select action, (/) - cycle Shift-Dir - straight line, f - black bear
Aim: a black bear (68% to hit)
You throw a poisoned dart. The poisoned dart hits the black bear.
The black bear is poisoned.
Unknown command.
Throw: 16 darts (poison)
Press: ? - help, Q - select action, (/) - cycle Shift-Dir - straight line, f/p - black bear
Aim: a black bear (poisoned, 68% to hit)
You throw a poisoned dart. The poisoned dart hits the black bear.
The black bear looks even sicker.
Unknown command.
You hit the black bear.
The black bear is lightly wounded.
A steam dragon comes into view.
The black bear barely misses you. The black bear closely misses you.
The black bear claws you but does no damage.
You hit the black bear.
The black bear is moderately wounded.
You hit the black bear.
The black bear is heavily wounded.
The black bear bites you but does no damage.
The black bear barely misses you. x2
You closely miss the black bear.
The black bear is severely wounded.
The black bear bites you. The black bear claws you.
The black bear claws you but does no damage.
You hit the black bear.
The black bear is severely wounded.
You hit the black bear but do no damage.
Lightning courses through the black bear!
You kill the black bear!
Trog accepts your kill.
You hit the steam dragon but do no damage.
The steam dragon bites you!
The steam dragon claws you but does no damage.
You closely miss the steam dragon. You hit the steam dragon.
The steam dragon is lightly wounded.
The steam dragon breathes steam at you. The ball of steam misses you.
An ogre comes into view. It is wielding a +0 giant spiked club.
You hit the steam dragon.
The steam dragon is lightly wounded.
You are engulfed in a cloud of scalding steam.
The steam dragon bites you. The steam dragon claws you.
You barely miss the steam dragon.
The steam dragon is lightly wounded.
You are engulfed in a cloud of scalding steam.
Unknown command.
You hit the steam dragon.
The steam dragon is moderately wounded.
You are engulfed in a cloud of scalding steam.
The steam dragon breathes steam at you. The ball of steam misses you.
You barely miss the steam dragon.
The steam dragon is moderately wounded.
You are engulfed in a cloud of scalding steam.
You hit the steam dragon.
The steam dragon is heavily wounded.
The steam dragon bites you but does no damage.
The steam dragon claws you but does no damage.
You hit the steam dragon.
The steam dragon is severely wounded.
The steam dragon bites you. The steam dragon completely misses you.
You closely miss the steam dragon.
The steam dragon is severely wounded.
You closely miss the steam dragon.
The steam dragon is severely wounded.
The steam dragon bites you but does no damage.
The steam dragon claws you.
You hit the steam dragon but do no damage.
The steam dragon is severely wounded.
You barely miss the steam dragon.
The steam dragon is severely wounded.
The steam dragon bites you.
The steam dragon claws you but does no damage.
You hit the steam dragon but do no damage.
The steam dragon is severely wounded.
The steam dragon closely misses you. The steam dragon misses you.
Your skin crawls.
You feel strong-willed. The steam dragon breathes steam at you.
The ball of steam hits you.
You are engulfed in a cloud of scalding steam.
You are engulfed in a cloud of scalding steam.
The steam dragon attacks as you move away!
The steam dragon bites you. The steam dragon barely misses you.
The steam dragon breathes steam at you. The ball of steam hits you!
You are engulfed in a cloud of scalding steam.
You are engulfed in a cloud of scalding steam.
You feel the effects of Trog's Hand fading.
The steam dragon breathes steam at you. The ball of steam hits you!!
* * * LOW HITPOINT WARNING * * *
Okay, then.
Unknown command.
Aiming: Polymorph
Press: ? - help, Shift-Dir - straight line, f - steam dragon
Aim: a steam dragon (steam, heavily wounded, catching its breath, will become a killer bee, a tengu, or a sky beast, chance to affect: 49%)
Okay, then.
Unknown command.
Unknown command.
Your skin stops crawling.
You feel less strong-willed. The steam dragon breathes steam at you.
The ball of steam hits you!!
You die...

Skill      XL: |  1  2  3  4  5  6  7  8  9 |
---------------+----------------------------+-----
Maces & Flails | 3 4 5 7 8 9 |  9.2
Fighting       | 4 5 6 7 8 |  8.1
Armour         | |  1.7
Dodging        | |  1.7

Action                     |  1- 3 |  4- 6 |  7- 9 || total
---------------------------+-------+-------+-------++-------
  Melee: Mace              |    98 |   128 |     8 ||   234
         Punch             |       |     1 |     2 ||     3
         Whip              |       |       |   188 ||   188
  Throw: Dart              |     1 |       |     9 ||    10
 Invoke: Trog's Hand       |       |     3 |     4 ||     7
    Use: Scroll            |       |       |     9 ||     9
 Armour: Animal skin       |     8 |       |       ||     8
         Plate armour      |    55 |    97 |     5 ||   157
         Ring mail         |       |       |    62 ||    62
  Dodge: Dodged            |    43 |    33 |    62 ||   138

Levels and vault maps discovered:
D:1:      lightli_arrival_statue_moat, layout_loops_ring
D:2:      layout_basic
D:3:      layout_loops_ring, mainiacjoe_overflow_six_doors_small,
          basic_ecumenical_altar, grunt_ministairs_13, uniq_crazy_yiuf_cottage
D:4:      layout_cave_pods, lemuel_tele_altar,
          chequers_temple_overflow_statue_of_worship, enter_ossuary_4,
          minmay_misc_feat_room, uniq_pikel, uniq_ijyb
D:5:      layout_loops_ring, fedhas_altar_2, nicolae_yredelemnul_corpse_copse,
          mainiacjoe_overflow_alcove_3, minmay_temple_entry_mini_moons,
          uniq_prince_ribbit1
D:6:      layout_loops_ring, mainiacjoe_overflow_alcove_4, serial_shops,
          nicolae_diamond_shop, uniq_menkaure

Notes
Turn   | Place    | Note
-------+----------+-------------------------------------------
     0 | D:1      | scionoferis the Ghoul Berserker began the quest for the
                  | Orb.
     0 | D:1      | Reached XP level 1. HP: 19/19 MP: 0/0
    93 | D:1      | You fall into a shaft and drop 1 floor!
   115 | D:2      | Reached skill level 3 in Maces & Flails
   115 | D:2      | Reached XP level 2. HP: 8/26 MP: 1/1
   403 | D:1      | Reached XP level 3. HP: 25/33 MP: 2/2
   671 | D:1      | Reached ** piety under Trog
  1040 | D:2      | Reached skill level 4 in Fighting
  1166 | D:2      | Reached XP level 4. HP: 40/40 MP: 3/3
  1229 | D:2      | Identified the +7 mace of the Two Names {heavy, Int+3}
  1377 | D:2      | Reached skill level 4 in Maces & Flails
  1557 | D:3      | Reached XP level 5. HP: 45/47 MP: 4/4
  1757 | D:3      | Found a runed translucent door.
  1758 | D:3      | Noticed Crazy Yiuf
  1763 | D:3      | Killed Crazy Yiuf
  1963 | D:3      | Found a hide-covered altar of Uskayaw.
  2070 | D:3      | Found a faded altar of an unknown god.
  2215 | D:4      | Noticed a lemure
  2237 | D:4      | Killed a lemure
  2248 | D:4      | Reached skill level 5 in Maces & Flails
  2250 | D:4      | Reached *** piety under Trog
  2255 | D:4      | Reached XP level 6. HP: 38/55 MP: 5/5
  2261 | D:4      | Found an opulent altar of Gozag.
  2262 | D:4      | Found a shimmering blue altar of Sif Muna.
  2280 | D:4      | Reached skill level 5 in Fighting
  2344 | D:4      | Found a sand-covered staircase.
  2357 | Ossuary  | Entered an ossuary
  2801 | D:4      | Noticed Ijyb
  2808 | D:4      | Killed Ijyb
  2809 | D:4      | Reached XP level 7. HP: 61/61 MP: 6/6
  2907 | D:4      | Noticed Pikel
  2931 | D:4      | Killed Pikel
  2932 | D:4      | Reached skill level 6 in Fighting
  2932 | D:4      | Reached skill level 7 in Maces & Flails
  2932 | D:4      | Reached XP level 8. HP: 20/71 MP: 7/7
  3381 | D:5      | Entered Level 5 of the Dungeon
  3407 | D:5      | Found a blossoming altar of Fedhas.
  3489 | D:5      | Found a snail-covered altar of Cheibriados.
  3490 | D:5      | Found a radiant altar of Vehumet.
  3492 | D:5      | Found an ornate altar of the Wu Jian Council.
  3492 | D:5      | Found a stormy altar of Qazlal.
  3588 | D:5      | Found a staircase to the Ecumenical Temple.
  3691 | D:5      | Noticed Prince Ribbit
  3713 | D:5      | Killed Prince Ribbit
  3714 | D:5      | Reached skill level 7 in Fighting
  3714 | D:5      | Reached skill level 8 in Maces & Flails
  3926 | D:5      | Found a basalt altar of Yredelemnul.
  4422 | D:6      | Found Iheifupoi's General Store.
  4483 | D:6      | Reached XP level 9. HP: 51/80 MP: 8/8
  4538 | D:6      | Noticed Menkaure
  4546 | D:6      | Killed Menkaure
  4546 | D:6      | Reached **** piety under Trog
  4547 | D:6      | Reached skill level 8 in Fighting
  4547 | D:6      | Reached skill level 9 in Maces & Flails
  4660 | D:6      | Killed from afar by a steam dragon

Vanquished Creatures
  Pikel (D:4)
  Prince Ribbit (D:5)
  Menkaure (D:6)
  A black bear (D:6)
  An orc warrior (D:6)
  An ice beast (D:5)
  A lemure (D:4)
  A scorpion (D:5)
  A bullfrog zombie (D:5)
  An orc priest (D:6)
  3 centaur zombies (Ossuary D:5)
  3 hounds (D:4 D:6)
  2 jellies (D:5)
  Crazy Yiuf (D:3)
  2 scorpion zombies (D:5)
  An iguana (D:5)
  4 orc wizards (D:3 D:5)
  Ijyb (D:4)
  A hound zombie (D:5)
  4 mummies (Ossuary)
  3 gnolls (D:4)
  8 adders (D:2 D:3 D:4 D:5 D:6)
  3 worms (D:2 D:3 D:4)
  2 dart slugs (D:1 D:3)
  19 orcs (D:3 D:4 D:5 D:6)
  8 ball pythons (D:1 D:2 D:3 D:4)
  7 endoplasms (D:2 D:1 D:4)
  3 giant cockroaches (D:1 D:2 D:3)
  2 gnoll zombies (Ossuary)
  6 goblins (D:1 D:2 D:3)
  7 hobgoblins (D:1 D:2 D:3 D:4)
  4 jackals (D:2 D:4)
  9 kobolds (D:2 D:1 D:4)
  2 quokkas (D:2)
  A bat (D:1)
  7 frilled lizards (D:2 D:1 D:3)
  2 goblin zombies (Ossuary)
  A kobold zombie (Ossuary)
  An orc zombie (Ossuary)
  5 rats (D:1 D:2)
  2 rat zombies (D:4)
134 creatures vanquished.

Table legend: (Time is in decaauts)
 A = Elapsed time spent in this place.
 B = Non-inter-level travel time spent in this place.
 C = Inter-level travel time spent in this place.
 D = Time resting spent in this place.
 E = Time spent auto-exploring this place.
 F = Levels seen in this place.
 G = Mean time per level.
                   A        B        C        D        E       F      G
               +--------+--------+--------+--------+--------+-----+--------+
         Total |   4715 |   4556 |    159 |    198 |   2917 |   7 |  673.6 |
       Dungeon |   4472 |   4313 |    159 |    164 |   2917 |   6 |  745.3 |
       Ossuary |    243 |    243 |      0 |     34 |      0 |   1 |  243.0 |
               +--------+--------+--------+--------+--------+-----+--------+

Top non-repeatable levels by time:
     D:4: 1010 daAuts
     D:5: 1008 daAuts
     D:1: 810 daAuts
     D:3: 727 daAuts
     D:2: 702 daAuts
 Ossuary: 243 daAuts
     D:6: 213 daAuts

Table legend:
 A = Non-vault XP
 B = Vault XP
 C = Vault XP percentage of total XP
 D = Non-vault monster count
 E = Vault monster count
 F = Vault count percentage of total count
                 A         B        C        D         E       F
            +---------+---------+-------+---------+---------+-------
      Total |    1231 |    1548 |  55.7 |     108 |      25 |  18.8
            +---------+---------+-------+---------+---------+-------
        D:1 |      32 |       0 |   0.0 |      19 |       0 |   0.0
        D:2 |      79 |       0 |   0.0 |      25 |       0 |   0.0
        D:3 |     112 |      43 |  27.7 |      15 |       2 |  11.8
        D:4 |     179 |     678 |  79.1 |      23 |       4 |  14.8
        D:5 |     450 |     469 |  51.0 |      18 |       6 |  25.0
        D:6 |     379 |     190 |  33.4 |       8 |       1 |  11.1
    Ossuary |       0 |     168 | 100.0 |       0 |      12 | 100.0
            +---------+---------+-------+---------+---------+-------
